Map: Frozen Temple

Players

ShoWTimE - Winner!

  • Race: Protoss Protoss

uThermal

  • Race: Terran Terran
  • League: Diamond

Event: WCS Copa Intercontinental

VOD

https://youtu.be/uRyoGGcCHp0

Description

Time

  • Played on: Sept. 11, 2016, 1:58 p.m.
  • Length: 15:29

All games in this series

Show
View Real Time Build Order
Export as new Build Order

ShoWTimE Protoss - Winner!

Build Orders: 1 Gate Expand, Dark Templar Rush 

Get SALT Encoding   

  12  0:00  Probe (Chrono Boost)  
  13  0:11  Probe (Chrono Boost)  
  14  0:18  Pylon  
  14  0:22  Probe (Chrono Boost)  
  15  0:36  Probe (Chrono Boost)  
  15  0:37  Gateway  
  15  0:42  Assimilator  
  16  0:46  Probe (Chrono Boost)  
  18  0:57  Probe (Chrono Boost)  
  18  1:07  Probe (Chrono Boost)  
  19  1:20  Nexus  
  19  1:23  Probe (Chrono Boost)  
  20  1:32  Cybernetics Core  
  20  1:36  Probe (Chrono Boost)  
  21  1:43  Assimilator  
  21  1:46  Probe (Chrono Boost)  
  22  1:51  Pylon  
  22  1:57  Probe (Chrono Boost)  
  23  2:06  Adept  
  23  2:09  Warp Gate  
  23  2:11  Probe (Chrono Boost)  
  27  2:23  Probe (Chrono Boost)  
  27  2:25  Twilight Council  
  27  2:29  Adept  
  27  2:31  Probe (Chrono Boost)  
  27  2:35  Probe (Chrono Boost)  
  31  2:43  Probe (Chrono Boost)  
  32  2:47  Mothership Core (Chrono Boost)  
  32  2:50  Pylon  
  34  2:54  Probe (Chrono Boost)  
  35  3:04  Probe (Chrono Boost)  
  37  3:06  Probe (Chrono Boost)  
  37  3:12  Dark Shrine  
  37  3:15  Probe (Chrono Boost)  
  37  3:18  Probe (Chrono Boost)  
  39  3:24  Gateway  
  39  3:25  Probe (Chrono Boost)  
  39  3:26  Gateway  
  40  3:31  Probe (Chrono Boost)  
  41  3:36  Probe (Chrono Boost)  
  43  3:43  Probe (Chrono Boost)  
  43  3:45  Robotics Facility  
  43  3:46  Probe (Chrono Boost)  
  43  3:48  Pylon  
  44  3:51  Pylon  
  44  3:55  Probe (Chrono Boost)  
  45  3:57  Probe (Chrono Boost)  
  45  4:00  Assimilator  
  45  4:02  Assimilator  
  46  4:07  Probe x2 (Chrono Boost)  
  48  4:12  Pylon, Stalker  
  50  4:18  Probe (Chrono Boost)  
  50  4:19  Probe (Chrono Boost)  
  52  4:28  Probe (Chrono Boost)  
  52  4:29  Pylon  
  54  4:32  Observer, Dark Templar x2, Probe (Chrono Boost)  
  59  4:39  Stalker, Probe (Chrono Boost)  
  63  4:47  Probe (Chrono Boost)  
  63  4:50  Probe (Chrono Boost)  
  63  4:51  Warp Prism  
  63  4:56  Blink  
  63  4:59  Probe (Chrono Boost)  
  66  5:00  Probe (Chrono Boost)  
  66  5:02  Dark Templar  
  69  5:11  Probe x2 (Chrono Boost)  
  69  5:23  Probe (Chrono Boost)  
  69  5:24  Observer  
  69  5:27  Nexus  
  71  5:30  Stalker x2  
  71  5:34  Probe (Chrono Boost)  
  71  5:35  Probe (Chrono Boost)  
  77  5:47  Probe (Chrono Boost)  
  78  5:53  Probe (Chrono Boost)  
  77  6:00  Probe (Chrono Boost)  
  77  6:02  Sentry x2, Forge  
  77  6:03  Sentry  
  84  6:06  Pylon  
  84  6:08  Observer  
  84  6:10  Pylon  
  85  6:13  Pylon  
  85  6:18  Gateway  
  85  6:19  Gateway  
  85  6:23  Gateway  
  85  6:27  Gateway  
  85  6:30  Gateway  
  85  6:32  Stalker x3  
  89  6:35  Protoss Ground Weapons Level 1  
  89  6:37  Probe (Chrono Boost)  
  89  6:38  Probe (Chrono Boost)  
  94  6:40  Probe (Chrono Boost)  
  94  6:46  Immortal  
  98  6:56  Probe x2 (Chrono Boost)  
  100  7:03  Pylon  
  100  7:05  Adept  
  100  7:06  Charge, Adept x2  
  106  7:17  Pylon  
  106  7:23  Pylon  
  106  7:25  Zealot  
  106  7:26  Zealot x5  
  118  7:30  Zealot  
  118  7:36  Immortal  
  123  7:47  Stalker x2  
  123  7:48  Adept x3  
  133  7:55  Zealot x3  
  133  7:57  Pylon  
  139  8:00  Pylon  
  139  8:07  Pylon  
  139  8:08  Pylon  
  139  8:19  Zealot x3  
  137  8:20  Stalker x2, Zealot  
  143  8:29  Immortal  
  143  8:33  Stalker x2  
  147  8:39  Pylon  
  147  8:40  Adept  
  149  8:43  Adept x3  
  127  8:49  Adept x2  
  111  8:57  Sentry x2  
  107  9:04  Zealot x2  
  107  9:05  Zealot x2  
  107  9:08  Pylon, Immortal  
  117  9:11  Zealot x2  
  103  9:23  Zealot x2  
  103  9:28  Zealot x4  
  109  9:31  Adept  
  91  9:48  Zealot  
  91  9:49  Zealot x5  
  95  9:56  Stalker x2  
  95  9:58  Immortal  
  99  10:09  Dark Templar x4, Protoss Ground Armor Level 1  
  99  10:11  Sentry  
  99  10:12  Sentry  
  111  10:14  Archon x2  
  109  10:22  Stalker x2  
  107  10:34  Stalker  
  109  10:37  Stalker  
  109  10:42  Stalker x4  
  117  10:46  Resonating Glaives  
  117  10:49  Observer  
  118  10:50  Zealot  
  118  10:54  Zealot  
  122  11:03  Nexus  
  122  11:04  Pylon  
  122  11:07  Zealot  
  122  11:08  Zealot x2  
  126  11:12  Zealot x2  
  126  11:15  Sentry x2  
  126  11:19  Zealot  
  128  11:28  Dark Templar  
  128  11:29  Zealot  
  128  11:30  Zealot  
  134  11:34  Dark Templar  
  134  11:35  Zealot  
  128  11:46  Dark Templar  
  104  11:56  Stalker x2  
  104  11:57  Adept  
  108  12:01  Zealot  
  108  12:02  Zealot x2  
  108  12:05  Probe x2 (Chrono Boost)  
  116  12:10  Dark Templar  
  118  12:16  Archon  
  118  12:18  Assimilator  
  118  12:19  Probe x2 (Chrono Boost)  
  118  12:20  Assimilator, Probe x2 (Chrono Boost)  
  122  12:23  Zealot  
  122  12:24  Zealot x2  
  122  12:29  Pylon  
  128  12:32  Probe x2 (Chrono Boost)  
  128  12:36  Dark Templar, Adept x2  
  128  12:37  Adept  
  135  12:44  Warp Prism  
  135  12:49  Dark Templar, Adept x2  
  135  12:50  Adept  
  145  12:57  Pylon  
  145  13:01  Photon Cannon  
  145  13:05  Stalker  
  145  13:06  Stalker x2  
  145  13:10  Stalker  
  145  13:11  Stalker x2  
  157  13:15  Pylon  
  157  13:21  Dark Templar  
  157  13:26  Adept  
  161  13:38  Adept x4  
  169  13:42  Adept  
  169  13:51  Probe (Chrono Boost)  
  169  13:52  Assimilator  
  169  13:53  Forge  
  169  13:54  Assimilator  
  170  14:02  Stalker  
  170  14:03  Stalker x3, Zealot x3  
  170  14:05  Sentry  
  166  14:24  Stalker  
  166  14:25  Stalker x2  
  166  14:27  Stalker x3  
  166  14:28  Stalker  
  174  14:45  Pylon  
  166  14:47  Stalker  
  166  14:48  Dark Templar x2, Stalker  
  166  14:51  Dark Templar, Pylon  
  176  14:55  Stalker x2  
  180  15:02  Adept  
  176  15:12  Adept x2  
Show
View Real Time Build Order
Export as new Build Order

uThermal Terran 

Build Orders: MMM Bio 

Get SALT Encoding   

  12  0:02  SCV  
  13  0:14  SCV  
  14  0:19  Supply Depot  
  14  0:26  SCV  
  15  0:40  SCV  
  16  0:43  Barracks  
  16  0:45  Refinery  
  16  0:52  SCV  
  17  1:04  SCV  
  18  1:16  SCV  
  19  1:30  Marine, Orbital Command  
  20  1:41  Command Center  
  20  1:54  Factory  
  20  1:56  SCV  
  21  2:05  Barracks Reactor  
  22  2:08  SCV  
  22  2:10  Supply Depot  
  22  2:20  SCV  
  23  2:32  SCV  
  23  2:34  Refinery  
  24  2:41  Marine  
  24  2:42  Marine  
  24  2:43  Starport  
  26  2:44  SCV  
  26  2:51  Widow Mine  
  27  2:53  Orbital Command  
  27  2:56  SCV  
  30  2:59  Marine x2  
  32  3:09  SCV  
  33  3:17  Marine x2  
  33  3:18  SCV  
  36  3:20  Medivac  
  36  3:21  SCV  
  36  3:23  Widow Mine  
  41  3:30  Supply Depot  
  41  3:31  SCV  
  41  3:33  SCV  
  43  3:44  Bunker, Marine x2  
  43  3:45  SCV  
  45  3:51  Supply Depot  
  45  3:59  Barracks  
  45  4:01  Barracks  
  45  4:03  Starport Tech Lab, Factory Tech Lab  
  45  4:07  Marine  
  46  4:12  SCV  
  47  4:17  SCV  
  47  4:21  Raven  
  51  4:24  SCV  
  51  4:28  Siege Tank  
  55  4:33  Marine  
  55  4:34  Supply Depot, Marine  
  55  4:36  SCV  
  55  4:38  Engineering Bay  
  57  4:40  SCV  
  58  4:48  SCV  
  58  4:52  SCV  
  60  4:56  Marine  
  61  5:00  SCV  
  61  5:05  SCV, Missile Turret  
  61  5:12  SCV  
  62  5:14  Supply Depot  
  62  5:18  Factory Reactor  
  62  5:19  Liberator  
  62  5:22  Supply Depot  
  62  5:23  Stimpack  
  62  5:24  Supply Depot  
  62  5:26  Refinery  
  62  5:29  Refinery  
  62  5:36  SCV, Marine x4  
  70  5:44  SCV  
  71  5:52  Combat Shields  
  71  5:53  Marine x3  
  71  5:54  Barracks  
  71  5:55  SCV  
  71  5:56  SCV  
  76  5:57  Barracks  
  76  5:59  Marine  
  77  6:05  Supply Depot  
  77  6:07  SCV  
  77  6:08  Factory Tech Lab  
  77  6:09  Terran Infantry Weapons Level 1  
  76  6:16  Marine x3  
  79  6:22  SCV x2  
  79  6:23  Supply Depot  
  81  6:25  Medivac  
  81  6:26  Medivac  
  85  6:34  Siege Tank  
  85  6:36  Missile Turret  
  85  6:38  Marine x3  
  85  6:39  Marauder  
  93  6:47  Barracks Reactor x2, Supply Depot  
  90  6:56  Marine x2, Marauder  
  90  6:59  Marine  
  95  7:06  Siege Tank  
  98  7:11  Concussive Shells  
  98  7:13  Marine  
  98  7:14  Marine  
  100  7:18  Marauder x2  
  100  7:19  Supply Depot  
  100  7:20  Supply Depot  
  100  7:21  Medivac  
  106  7:25  Marine x2  
  106  7:27  Marine  
  106  7:29  Supply Depot  
  109  7:31  Marine  
  109  7:35  Marine  
  109  7:36  Marine  
  110  7:38  Medivac  
  110  7:40  Marine  
  110  7:41  Marauder  
  110  7:43  Marine  
  114  7:51  Marine  
  114  7:53  Siege Tank  
  114  7:55  Marine  
  114  7:56  Missile Turret  
  114  7:57  Marine  
  122  7:58  Marauder  
  122  7:59  Marine  
  122  8:02  Marauder  
  122  8:03  Medivac  
  127  8:07  Marine  
  127  8:10  Marine x2  
  125  8:15  Medivac  
  125  8:19  Marine  
  129  8:20  Marauder  
  129  8:23  Marauder  
  128  8:30  Marine  
  128  8:32  Medivac  
  125  8:34  Marine x2  
  125  8:37  Marine  
  130  8:41  Marauder  
  130  8:45  Marauder  
  123  8:49  Medivac  
  102  8:58  Marine  
  102  8:59  Marine  
  102  9:00  Marine  
  105  9:02  Medivac  
  105  9:03  Marauder  
  105  9:05  Marine  
  105  9:06  Marine, Marauder  
  94  9:17  Marine x2  
  94  9:18  Marine  
  94  9:22  Marine  
  94  9:23  Marine  
  97  9:24  Marine, Marauder  
  97  9:28  Marauder  
  98  9:35  Marine x2  
  98  9:36  Marine  
  90  9:46  Liberator  
  79  9:52  Liberator  
  79  9:54  Marine  
  79  9:55  Marine  
  79  9:56  Marine  
  79  9:58  Marine  
  82  10:00  Marine  
  80  10:11  Marine  
  84  10:14  Marine  
  84  10:20  Marine  
  81  10:26  Marine, Marauder  
  84  10:29  Liberator  
  84  10:31  Marine  
  84  10:32  Marine  
  86  10:36  Liberator  
  87  10:56  Marine  
  91  11:03  Marine x2  
  88  11:19  Marine x2, Marauder x2  
  88  11:20  Marine  
  88  11:21  Marine  
  88  11:24  Marine  
  97  11:27  Marine  
  97  11:28  Liberator  
  97  11:29  Liberator  
  89  11:48  Marine  
  89  11:49  Marauder  
  89  11:50  Marine  
  89  11:51  Marauder  
  89  11:52  Marine  
  80  11:55  Marine  
  81  12:04  Marine  
  81  12:05  Marine  
  83  12:09  Orbital Command, Marine  
  83  12:10  Marauder  
  83  12:11  Marine  
  83  12:12  Marauder  
  83  12:13  Liberator  
  89  12:15  Marine  
  89  12:17  Liberator  
  89  12:18  Marine  
  97  12:43  Missile Turret  
  96  12:44  Marine  
  97  12:52  Marine  
  97  12:53  Marine, Marauder  
  101  13:05  Marine, Marauder  
  101  13:06  Marine x2  
  101  13:08  Marine, Refinery  
  101  13:12  Marine  
  105  13:13  Marine  
  105  13:14  Marauder  
  108  13:22  Marine  
  108  13:24  Marine  
  108  13:27  Marauder  
  107  13:32  Liberator, Marine  
  107  13:33  Marine  
  99  13:35  SCV x2  
  99  13:36  Refinery  
  99  13:39  Marine  
  99  13:40  Marauder  
  103  13:47  SCV  
  104  13:50  SCV  
  108  13:56  Marine x2, Marauder  
  108  13:57  Marine  
  108  13:58  Marine  
  108  14:00  SCV  
  108  14:01  Marauder  
  114  14:10  SCV  
  114  14:15  Marine  
  113  14:17  Marauder  
  113  14:21  Marine  
  113  14:22  Marauder  
  100  14:25  Liberator  
  100  14:29  Marine x2  
  97  14:39  Marauder  
  97  14:44  Marauder  
  97  14:45  Marine x2  
  100  14:47  Marine  
  100  14:50  Marine x2  
  98  15:09  Marine x2  
Tags
 
Add a new tag
Caveats
  • Supply blocks, unpowered buildings, or Contaminate may cause inaccurate times.
  • Supply counts are checked every 10 seconds.